 Dungeon Crawl Stone Soup version 0.31.0-32-g396128a36d (webtiles) character file.

Game seed: 11774231909127149388

329 safid the Ruffian (level 6, -5/48 HPs)
             Began as a Draconian Shapeshifter on Mar 28, 2024.
             Slain by a hornet (11 damage)
             ... on level 5 of the Dungeon.
             The game lasted 00:03:03 (3695 turns).

safid the Ruffian (Draconian Shapeshifter)          Turns: 3695, Time: 00:03:04

Health: -5/48      AC:  6    Str: 18    XL:     6   Next: 25%
Magic:  6/6        EV: 12    Int: 11    God:
Gold:   202        SH:  0    Dex: 10    Spells: 5/5 levels left

rFire   . .          .
                       - Unarmed
rCold   . . .        (no shield)
rNeg    . . .        (body armour unavailable)
rPois   +            (helmet currently unavailable)
rElec   .            (cloak currently unavailable)
rCorr   .            (gloves currently unavailable)
SInv    .            (boots currently unavailable)
Will    .....        (no amulet)
Stlth   +            o - ring of poison resistance
HPRegen 0.28/turn    (no ring)
MPRegen 0.10/turn

%: no passive effects
@: lethally poisoned (-5 -> -11), beast-form
A: beast (slay +2), AC +6, unfitting armour, cold-blooded
a: Begin Untransformation


You were on level 5 of the Dungeon.
You were a hulking beast.
You visited 1 branch of the dungeon, and saw 5 of its levels.

You collected 202 gold pieces.

Inventory:

Jewellery
 o - a ring of poison resistance (left hand)
Talismans
 b - a beast talisman
 c - a flux talisman
Wands
 n - a wand of mindburst (18)
 s - a wand of flame (16)
 t - a wand of roots (6)
Scrolls
 d - 6 scrolls of identify {unknown}
 j - a scroll of amnesia {unknown}
 l - a scroll of poison {unknown}
 m - 3 scrolls of teleportation {unknown}
 q - a scroll of enchant armour {unknown}
 r - a scroll of immolation {unknown}
Potions
 a - 3 potions of lignification
 e - a potion of attraction {unknown}
 f - 2 potions of curing {unknown}
 g - a potion of haste {unknown}
 h - a potion of mutation {unknown}
 i - a potion of magic {unknown}
 k - a potion of invisibility {unknown}
 p - a potion of enlightenment {unknown}


   Skills:
 + Level 1.8 Fighting
 - Level 2.0 Dodging
 + Level 5.4 Unarmed Combat
 * Level 4.8 Shapeshifting


You had 5 spell levels left.
You didn't know any spells.
Your spell library contained the following spells:

 Spells                   Type           Power      Damage    Failure   Level
 Cigotuvi's Dreadful Rot  Necr/Alch/Air  0%         N/A       47%         2
 Lesser Beckoning         Tloc           0%         N/A       47%         2
 Mercury Vapours          Alch/Air       0%         N/A       47%         2
 Static Discharge         Conj/Air       0%         3-3/arc   47%         2
 Fugue of the Fallen      Necr           0%         N/A       71%         3
 Gell's Gravitas          Tloc           0%         N/A       71%         3
 Mephitic Cloud           Conj/Alch/Air  0%         N/A       71%         3
 Ozocubu's Armour         Ice            0%         N/A       71%         3
 Teleport Other           Tloc           0%         N/A       71%         3
 Airstrike                Air            0%         2d(0-16)  98%         4
 Dispel Undead            Necr           0%         3d6       98%         4
 Manifold Assault         Tloc           0%         N/A       98%         4
 Martyr's Knell           Necr/Summ      0%         N/A       98%         4
 Summon Lightning Spire   Summ/Air       0%         N/A       98%         4
 Freezing Cloud           Conj/Ice/Air   0%         6-21      100%        5
 Death Channel            Necr           0%         N/A       100%        6


Dungeon Overview and Level Annotations

Branches:
Dungeon (5/15)
 Temple: D:4-7

Altars:
Fedhas
Kikubaaqudgha
The Shining One

Annotations:
D:4 2 transporters


Innate Abilities, Weirdness & Mutations

You are a hulking beast.
Your limbs bulge with bestial killing power. (Slay +2)
Your plain brown scales are hard. (AC +6)
You cannot fit into any form of body armour.
You are cold-blooded and may be slowed by cold attacks.


Message History

The hound barks!
You hear an angry buzzing noise.
The hound barely misses you.
You barely miss the hound.
Your tail-slap misses the hound.
The hound barely misses you.
You barely miss the hound.
A hornet comes into view.
The hound bites you.
You punch the hound!
You tail-slap the hound, but do no damage.
The hound is heavily wounded.
The hound closely misses you. The hound bites you but does no damage.
You hit the hound.
The hound is heavily wounded.
The hound bites you.
You barely miss the hound.
The hound is heavily wounded.
The hound barely misses you.
You miss the hound.
The hound is heavily wounded.
The hound bites you. The hound misses you.
You punch the hound!
You kill the hound!
Unknown command.
You barely miss the hornet. The hornet barely misses you.
The hornet stings you.
You are poisoned.
You hit the hornet.
The hornet is lightly wounded.
You feel very sick. The hornet stings you!
You hit the hornet.
The hornet is moderately wounded.
You feel sick.
The hornet stings you but does no damage.
You completely miss the hornet.
The hornet is moderately wounded.
You feel sick. The hornet stings you!
* * * LOW HITPOINT WARNING * * *
The hornet stings you!
You die...

#.#
#............#
#.#
####.......###
#.....>........#
########.......#
###...### #...#
##.## #.########
#.hy......
##########


You could see a hornet.

Vanquished Creatures
  Blork the orc (D:5)
  A hound (D:5)
  An orc priest (D:3)
  Ijyb (D:4)
  An orc wizard (D:3)
  7 gnolls
  2 adders (D:3)
  3 dart slugs
  6 orcs
  5 ball pythons
  3 bats
  2 endoplasms
  5 goblins
  6 hobgoblins
  7 jackals (D:3)
  2 quokkas
  A frilled lizard (D:3)
  7 kobolds
  3 rats
64 creatures vanquished.

Notes
Turn   | Place    | Note
-------+----------+-------------------------------------------
     0 | D:1      | safid the Draconian Shapeshifter began the quest for the
                  | Orb.
     0 | D:1      | Reached XP level 1. HP: 16/16 MP: 1/1
   374 | D:1      | Reached XP level 2. HP: 23/23 MP: 2/2
   851 | D:2      | Reached XP level 3. HP: 26/28 MP: 3/3
  1482 | D:3      | Found a glowing golden altar of the Shining One.
  1593 | D:3      | Reached skill level 4 in Unarmed Combat
  1593 | D:3      | Reached XP level 4. HP: 28/35 MP: 4/4
  1916 | D:3      | Reached XP level 5. HP: 30/40 MP: 5/5
  2065 | D:3      | Found an ancient bone altar of Kikubaaqudgha.
  2293 | D:3      | Found a faded altar of an unknown god.
  2559 | D:4      | Found a transporter.
  2593 | D:4      | Found a transporter.
  2598 | D:4      | Noticed Ijyb
  2615 | D:4      | Killed Ijyb
  3198 | D:4      | Reached skill level 5 in Unarmed Combat
  3444 | D:5      | Entered Level 5 of the Dungeon
  3486 | D:5      | Found a blossoming altar of Fedhas.
  3486 | D:5      | Noticed a centaur
  3486 | D:5      | Noticed Blork the orc
  3494 | D:5      | Killed Blork the orc
  3495 | D:5      | Reached XP level 6. HP: 42/48 MP: 6/6
  3501 | D:5      | HP: 1/48 [centaur/arrow (6)]
  3686 | D:5      | Noticed a hornet
  3695 | D:5      | Slain by a hornet

Illustrated notes

Levels and vault maps discovered:
D:1:      giann_horns, layout_basic, chequers_serial_rivers_small_3,
          nicolae_grassy_gnolls
D:2:      layout_loops_cross, kennysheep_generic_room_11
D:3:      wad_lake_hut, layout_loops_ring, nicolae_kikubaaqudgha_miasma_corner,
          mainiacjoe_overflow_alcove_2, ebering_ecumenical_altar_abandoned
D:4:      gammafunk_steamed_eel, layout_loops_cross, grunt_decor_arrowhead,
          grunt_decor_mini_mirrors, uniq_ijyb
D:5:      layout_loops_ring, nicolae_uskayaw_en_pointe,
          fedhas_bush_and_centaur_altar, serial_park_tiny_2, uniq_menkaure,
          uniq_duvessa, uniq_blork_the_orc

Skill      XL: |  1  2  3  4  5 |
---------------+----------------+-----
Dodging        | 2 |  2.0
Shapeshifting  | 4 |  4.8
Unarmed Combat | 4 5 |  5.4
Fighting       | |  1.8

Action                     |  1- 3 |  4- 6 || total
---------------------------+-------+-------++-------
  Melee: Unarmed           |    79 |   135 ||   214
         Tailslap          |    15 |    20 ||    35
         Punch             |     1 |     2 ||     3
   Stab: Sleeping          |       |     1 ||     1
 Armour: Skin              |    36 |    90 ||   126
  Dodge: Dodged            |    49 |    64 ||   113
